 Dungeon Crawl Stone Soup version 0.22.2-1-ge965b3a (webtiles) character file.

53 smallpebble the Skirmisher (level 3, -3/34 HPs)
             Began as a Minotaur Berserker on Apr 8, 2019.
             Was a Believer of Trog.
             Slain by a gnoll
             ... wielding a +0 spear
              (4 damage)
             ... on level 2 of the Dungeon.
             The game lasted 00:06:48 (1092 turns).

smallpebble the Skirmisher (Minotaur Berserker)     Turns: 1092, Time: 00:06:49

Health: -3/34      AC:  7    Str: 21    XL:     3   Next: 62%
Magic:  2/2        EV: 10    Int:  4    God:    Trog [**....]
Gold:   89         SH:  0    Dex: 10    Spells: 2/2 levels left

rFire    x . .     SeeInvis .   o - +0 whip (curse)
rCold    + . .     Gourm    .   (no shield)
rNeg     . . .     Faith    .   k - +0 scale mail
rPois    .         Spirit   .   (helmet restricted)
rElec    .         Reflect  .   (no cloak)
rCorr    .         Harm     .   s - +0 pair of gloves
MR       .....                  (no boots)
Stlth    ..........             (no amulet)
HPRegen  0.11/turn              d - ring of ice
MPRegen  0.08/turn              p - ring of wizardry

@: no status effects
A: retaliatory headbutt, horns 2
a: Berserk, Trog's Hand, Renounce Religion


You were on level 2 of the Dungeon.
You worshipped Trog.
Trog was pleased with you.
You were hungry.

You visited 1 branch of the dungeon, and saw 2 of its levels.

You collected 89 gold pieces.

Inventory:

Hand Weapons
 a - a +0 falchion
 l - a +0 dagger of protection
 o - a cursed +0 whip (weapon)
Armour
 b - a +0 animal skin
 i - a +0 robe
 k - a +0 scale mail (worn)
 s - a +0 pair of gloves (worn)
Jewellery
 d - a ring of ice (left hand)
 p - a ring of wizardry (right hand)
Scrolls
 m - a scroll of identify
 r - a scroll of teleportation {unknown}
Potions
 e - a potion of flight {unknown}
 f - 3 potions of curing {unknown}
 g - a potion of heal wounds {unknown}
 h - a potion of magic {unknown}
 j - 2 potions of mutation {unknown}
 n - a potion of ambrosia {unknown}
 q - a potion of haste {unknown}
Comestibles
 c - 2 rations


   Skills:
 + Level 4.6 Fighting
 + Level 0.2(2.4) Short Blades
 + Level 4.5 Long Blades
 + Level 2.8 Armour
 + Level 2.2 Dodging


You had 2 spell levels left.
You didn't know any spells.
Your spell library was empty.

Dungeon Overview and Level Annotations

Branches:
Dungeon (2/15)

Altars:
Okawaru


Innate Abilities, Weirdness & Mutations

You reflexively headbutt those who attack you in melee.
You have a pair of horns on your head.


Message History

s - a pair of gloves
As you read the scroll labeled DASAZO MOKK, it crumbles to dust.
It is a scroll of identify.
s - a +0 pair of gloves You start putting on your armour.
You continue putting on your +0 pair of gloves. x4
You finish putting on your +0 pair of gloves.
A worm and 2 gnolls come into view.
The gnoll shouts! x2; You hear an angry hiss.
An adder comes into view.
Found a stone staircase leading up.
A gnoll comes into view.
The adder hisses angrily.
The gnoll hits you from afar with a halberd.
The gnoll hits you with a spear. The gnoll hits you with a halberd!
The gnoll hits you with a spear. The adder bites you but does no damage.
The gnoll hits you from afar with a halberd!
* * * LOW HITPOINT WARNING * * *
The adder barely misses you. The gnoll hits you with a spear.
You die...

#.. ... .. #.#
###.. # #g# . ..#
#. #w# .# #.#
#.##g##.# ##.##
#.#.#<####...### #
#g.S# #.......# #
##@####.#.....## ##
#...†.........#+#.
#.#.♣†♣.#.........
#...[.............
#.♣.♣.♣.♣......#..
#....._.....#####.#
#..♣.♣.♣.♣.## #.#
#..........# #.#
#..#.♣.♣.#.. #.#


You could see a worm, 3 gnolls and an adder.

Vanquished Creatures
  An adder (D:2)
  3 oozes
  2 worms (D:2)
  A dart slug (D:1)
  2 bats (D:2)
  2 giant cockroaches (D:2)
  3 goblins
  3 hobgoblins (D:1)
  A kobold (D:2)
  3 frilled lizards
  4 rats
25 creatures vanquished.

Notes
Turn   | Place    | Note
-------+----------+-------------------------------------------
     0 | D:1      | smallpebble the Minotaur Berserker began the quest for the
                  | Orb.
     0 | D:1      | Reached XP level 1. HP: 19/19 MP: 0/0
   478 | D:1      | Reached XP level 2. HP: 27/27 MP: 1/1
   786 | D:2      | Reached XP level 3. HP: 33/33 MP: 2/2
   921 | D:2      | Reached ** piety under Trog
  1062 | D:2      | Found an iron altar of Okawaru.
  1091 | D:2      | HP: 1/34 [gnoll/halberd (13)]
  1092 | D:2      | Slain by a gnoll

Skill      XL: |  1  2 |
---------------+-------+-----
Long Blades    | 4 |  4.5
Fighting       | 4 |  4.6
Short Blades   | |  0.2
Armour         | |  2.8
Dodging        | |  2.2

Action                   || total
-------------------------++-------
Melee: Falchion          ||    27
       Dagger            ||    14
       Headbutt          ||    11
       Whip              ||    28
  Use: Scroll            ||     1
Armor: Scale mail        ||    30
       Robe              ||     1
Dodge: Dodged            ||    40
       Rpst.: Falchion   ||     3
